 Dungeon Sprint DCSS version 0.13-a0-2202-g857913d (webtiles) character file.

6067 Canard the Metallomancer (level 10, -2/69 HPs)
             Began as a Lava Orc Earth Elementalist on July 2, 2013.
             Was the Champion of Vehumet.
             Slain by a great mace (31 damage)
             ... in the Dungeon (Sprint VII: "The Pits").
             The game lasted 00:13:09 (2191 turns).

Canard the Metallomancer (LOEE)                     Turns: 2191, Time: 00:13:09

HP  -2/69        AC 15     Str 15      XL: 10   Next: 56%
MP  15/29        EV  9     Int 18      God: Vehumet [******]
Gold 47          SH  0     Dex 14      Spells:  2 memorised, 27 levels left

Res.Fire  : + . .   See Invis. : .   s - staff of energy
Res.Cold  : . . .   Warding    : .   B - +5 ring mail
Life Prot.: . . .   Conserve   : .   (no shield)
Res.Poison: .       Res.Corr.  : .   (no helmet)
Res.Elec. : .       Clarity    : .   (no cloak)
Sust.Abil.: . .     Spirit.Shd : .   A - +0 pair of gloves
Res.Mut.  : .       Prev.Telep.: +   (no boots)
Res.Rott. : .       Flight     : .   (no amulet)
Saprovore : + . .                    y - +3 ring of dexterity
                                     x - +3 ring of strength

@: mildly poisoned, somewhat resistant to hostile enchantments, unstealthy
A: conserve scrolls, saprovore 1
a: Renounce Religion


You were in the Dungeon.
You worshipped Vehumet.
Vehumet was exalted by your worship.
You were not hungry.

You visited 1 branch You collected 27 gold pieces.


Innate Abilities, Weirdness & Mutations

You have stony skin.
You cover ground slowly.
Your flesh is heat resistant.
Your flesh is vulnerable to cold.
Your heat harms attackers.
You bathe your surroundings in blazing heat.
You are too hot to use scrolls.
You are very good at protecting items from fire.
You can tolerate rotten meat.


   Skills:
 - Level 1.5 Dodging
 - Level 1.5 Stealth
 + Level 12.2 Spellcasting
   Level 1.3 Transmutations
 * Level 22.0 Earth Magic


You had 27 spell levels left.
You knew the following spells:

 Your Spells              Type           Power        Failure   Level  Hunger
a - Sandblast             Erth           ######       0%          1    None
b - Lee's Rapid Deconstr  Erth           ######....   1%          5    None

Action                   |  1- 3 |  4- 6 |  7- 9 | 10-12 || total
-------------------------+-------+-------+-------+-------++-------
Melee: Staff             |     3 |     2 |       |     1 ||     6
Throw: Stone             |       |     5 |       |       ||     5
 Cast: Sandblast         |    20 |    25 |       |     8 ||    53
       Lee's Rapid Decon |       |     2 |    16 |     9 ||    27
  Use: Potion            |       |       |       |     2 ||     2
       Scroll            |       |       |       |     1 ||     1

Inventory:

Hand weapons
 k - a +2,+2 dwarven hand axe
   (You found it in the Dungeon)
 t - a +2,+0 quarterstaff of protection
   (You found it in the Dungeon)
 C - a +2,+2 orcish morningstar of protection
   (You found it in the Dungeon)
Missiles
 b - 20 stones (quivered)
Armour
 c - a +0 orcish robe
 j - a +2 robe of resistance
   (You took it off a greater naga in the Dungeon)
 A - a +0 pair of gloves (worn)
   (You found it in the Dungeon)
 B - a +5 ring mail (worn)
   (You found it in the Dungeon)
Comestibles
 a - 7 meat rations
 l - 40 strawberries
 m - 7 bread rations
Scrolls
 o - 2 scrolls of vulnerability
 p - 3 scrolls of remove curse
 q - 5 scrolls of amnesia
 r - a scroll of summoning
Jewellery
 x - a +3 ring of strength (left hand)
   (You found it in the Dungeon)
 y - a +3 ring of dexterity (right hand)
   (You found it in the Dungeon)
Potions
 e - 7 potions of curing
 f - 8 potions of heal wounds
 g - a potion of speed
 h - 4 potions of magic
 i - 5 potions of berserk rage
 n - 2 potions of invisibility
 w - a potion of cure mutation
 z - 2 potions of might
Books
 d - a book of Geomancy

   Spells                             Type                      Level
   *Sandblast                         Earth                        1
   Stoneskin                          Transmutation/Earth          2
   Passwall                           Transmutation/Earth          3
   Stone Arrow                        Conjuration/Earth            3
   Petrify                            Transmutation/Earth          4
   *Lee's Rapid Deconstruction        Earth                        5
Magical staves
 s - an uncursed staff of energy (weapon)
   (You found it in the Dungeon)


Message History

Dmg: -1%(-1hp) hp: 44%(30hp)
There are several objects here.
Pick up a whip? ((y)es/(n)o/(a)ll/(m)enu/*?g,/q)
j - a runed robe You feel sick.
You feel a little better.
Dmg: -1%(-1hp) hp: 43%(29hp)
You feel sick.
You feel sick.
You feel a little better.
Dmg: -2%(-1hp) hp: 41%(28hp)
You feel sick.
Dmg: -1%(-1hp) hp: 40%(27hp)
You feel sick.
Dmg: -2%(-1hp) hp: 38%(26hp)
There is an open door here.
There is an open door here.
Your movements quicken.
The great mace hits you!
You die...

#..#'#########
#############....%........
#__________##.............
#_____..___###########''##
#######'##############''##
#.))).'.'..##.............
#.).).#.#..##......#..#...
#######'#####.....).......
#........@(.'.............
#'#####'#####......#..#...
#.#.....#[[##.............
#.#.....#).#####'#####++##
#.###'###))##.......#
#.#.....#))##.......#
#.#...).#..##.......#
#.####.##'###...<...#
#.#........##.......#

Dungeon Overview and Level Annotations

Branches:
Dungeon (1/1)

Altars:
Ashenzari
Cheibriados
Elyvilon
Fedhas
Kikubaaqudgha
Makhleb
Nemelex Xobeh
Okawaru
Sif Muna
Trog
Vehumet
Xom
Yredelemnul
Zin
the Shining One
Beogh
Jiyva
Lugonu

Table legend:
 A = Turns spent in this place as a percentage of turns spent in the entire game.
 B = Non-inter-level travel turns spent in this place as a percentage of non-inter-level travel turns spent in the entire game.
 C = Inter-level travel turns spent in this place as a percentage of turns spent in this place.
 D = Turns resting spent in this place as a percentage of non-inter-level travel turns spent in this place.
 E = Turns spent auto-exploring this place as a percentage of non-inter-level travel turns spent in this place.
 F = Non-inter-level travel turns spent in this place divided by the number of levels of this place that you've seen.
                   A       B       C       D       E      F
               +-------+-------+-------+-------+-------+----------------------
         Total | 100.0 | 100.0 |   0.1 |   7.2 |   0.0 | 677.0
       Dungeon | 100.0 | 100.0 |   0.1 |   7.2 |   0.0 | 677.0
               +-------+-------+-------+-------+-------+----------------------

Table legend:
 A = Kills in this place as a percentage of kills in entire the game.
 B = Kills by you in this place as a percentage of kills by you in the entire game.
 C = Kills by friends in this place as a percentage of kills by friends in the entire game.
 D = Other kills in this place as a percentage of other kills in the entire game.
 E = Experience gained in this place as a percentage of experience gained in the entire game.
 F = Experience gained in this place divided by the number of levels of this place that you have seen.
                   A       B       C       D       E      F
               +-------+-------+-------+-------+-------+----------------------
         Total | 100.0 | 100.0 |  -nan |  -nan | 100.0 | 8601.0
       Dungeon | 100.0 | 100.0 |  -nan |  -nan | 100.0 | 8601.0
               +-------+-------+-------+-------+-------+----------------------
You could see a great mace.

Vanquished Creatures
  A greater naga (D)
  3 hell hogs (D)
  A black mamba (D)
  A wandering mushroom (D)
  A komodo dragon (D)
  A red devil (D)
  A blue devil (D)
  A neqoxec (D)
  7 redbacks (D)
  A hungry ghost (D)
  A black bear (D)
  An ogre (D)
  A crocodile (D)
  A pulsating lump (D)
  2 quasits (D)
  An iguana (D)
  A jelly (D)
  A giant centipede (D)
  A green rat (D)
  3 giant mites (D)
  A worm (D)
  2 ufetubi (D)
  A white imp (D)
  A bat skeleton (D)
  3 orcs (D)
  A giant cockroach (D)
  A rat (D)
41 creatures vanquished.

Notes
Turn   | Place    | Note
--------------------------------------------------------------
     0 | D        | Canard, the Lava Orc Earth Elementalist, began the quest for the Orb.
     0 | D        | Reached XP level 1. HP: 14/14 MP: 3/3
    11 | D        | Reached skill level 4 in Earth Magic
    46 | D        | Found a viscous altar of Jiyva.
    46 | D        | Found a corrupted altar of Lugonu.
    46 | D        | Found a sparkling altar of Nemelex Xobeh.
    46 | D        | Found a shimmering altar of Xom.
    46 | D        | Found a deep blue altar of Sif Muna.
    46 | D        | Found a bloodstained altar of Trog.
    47 | D        | Found an iron altar of Okawaru.
    47 | D        | Found a roughly hewn altar of Beogh.
    47 | D        | Found a burning altar of Makhleb.
    47 | D        | Found an ancient bone altar of Kikubaaqudgha.
    47 | D        | Found a glowing silver altar of Zin.
    47 | D        | Found a radiant altar of Vehumet.
    47 | D        | Found a blossoming altar of Fedhas.
    47 | D        | Found a snail-covered altar of Cheibriados.
    47 | D        | Found a white marble altar of Elyvilon.
    47 | D        | Found a basalt altar of Yredelemnul.
    47 | D        | Found a glowing golden altar of the Shining One.
    47 | D        | Found a shattered altar of Ashenzari.
    54 | D        | Became a worshipper of Vehumet
    88 | D        | Reached skill level 5 in Earth Magic
    88 | D        | Reached XP level 2. HP: 5/20 MP: 0/5
   331 | D        | Acquired Vehumet's first power
   331 | D        | Offered knowledge of Sting by Vehumet.
   373 | D        | Reached skill level 6 in Earth Magic
   386 | D        | Noticed an ogre
   404 | D        | Reached XP level 3. HP: 2/26 MP: 2/7
   723 | D        | Offered knowledge of Force Lance by Vehumet.
   726 | D        | Killed an ogre
   726 | D        | Reached skill level 8 in Earth Magic
   726 | D        | Reached XP level 4. HP: 5/33 MP: 5/10
   982 | D        | Noticed a black bear
  1014 | D        | Killed a black bear
  1014 | D        | Offered knowledge of Throw Flame by Vehumet.
  1014 | D        | Reached skill level 10 in Earth Magic
  1014 | D        | Reached XP level 5. HP: 24/38 MP: 10/13
  1057 | D        | Noticed a quasit
  1136 | D        | Noticed an iguana
  1147 | D        | Killed an iguana
  1147 | D        | Reached skill level 5 in Spellcasting
  1162 | D        | Killed a quasit
  1162 | D        | Acquired Vehumet's second power
  1162 | D        | Reached XP level 6. HP: 9/45 MP: 6/15
  1169 | D        | Learned a level 5 spell: Lee's Rapid Deconstruction
  1333 | D        | Offered knowledge of Throw Icicle by Vehumet.
  1343 | D        | Reached skill level 11 in Earth Magic
  1422 | D        | Noticed a hungry ghost
  1424 | D        | Killed a hungry ghost
  1424 | D        | Acquired Vehumet's third power
  1424 | D        | Reached skill level 12 in Earth Magic
  1470 | D        | Noticed a komodo dragon
  1472 | D        | Killed a komodo dragon
  1472 | D        | Reached skill level 13 in Earth Magic
  1472 | D        | Reached XP level 7. HP: 50/50 MP: 11/19
  1653 | D        | Noticed a quasit
  1654 | D        | Offered knowledge of Sticky Flame by Vehumet.
  1654 | D        | Killed a quasit
  1684 | D        | Noticed a crocodile
  1688 | D        | Killed a crocodile
  1688 | D        | Reached skill level 14 in Earth Magic
  1798 | D        | Noticed a pulsating lump
  1798 | D        | Noticed a redback
  1798 | D        | Noticed a hell hog
  1798 | D        | Noticed a hell hog
  1798 | D        | Noticed a red devil
  1800 | D        | Noticed a redback
  1800 | D        | Killed a blue devil
  1800 | D        | Killed a redback
  1800 | D        | Reached skill level 15 in Earth Magic
  1800 | D        | Reached XP level 8. HP: 47/57 MP: 20/22
  1801 | D        | Killed a hell hog
  1801 | D        | Reached skill level 17 in Earth Magic
  1801 | D        | Killed a hell hog
  1801 | D        | Reached skill level 10 in Spellcasting
  1801 | D        | Reached skill level 18 in Earth Magic
  1801 | D        | Reached XP level 9. HP: 51/62 MP: 21/25
  1802 | D        | Noticed a redback
  1802 | D        | Noticed a black mamba
  1802 | D        | Killed a redback
  1803 | D        | Killed a wandering mushroom
  1803 | D        | Reached skill level 19 in Earth Magic
  1804 | D        | Noticed a neqoxec
  1804 | D        | Killed a redback
  1805 | D        | Noticed a redback
  1805 | D        | Killed a redback
  1805 | D        | Killed a neqoxec
  1806 | D        | Killed a red devil
  1807 | D        | Killed a black mamba
  1807 | D        | Reached skill level 20 in Earth Magic
  1808 | D        | Noticed a hell hog
  1808 | D        | Noticed a redback
  1810 | D        | Killed a redback
  1810 | D        | Reached XP level 10. HP: 42/69 MP: 7/28
  1810 | D        | Killed a redback
  1813 | D        | Killed a hell hog
  1813 | D        | Reached skill level 21 in Earth Magic
  1814 | D        | Noticed a redback
  1815 | D        | Killed a redback
  1837 | D        | Killed a pulsating lump
  1837 | D        | Offered knowledge of Olgreb's Toxic Radiance by Vehumet.
  1872 | D        | Noticed a great mace
  1881 | D        | Noticed a greater naga
  2171 | D        | Killed a greater naga
  2171 | D        | Reached skill level 22 in Earth Magic
  2191 | D        | Slain by a great mace

Vault maps used:
D:        pitsprint
